 Dungeon Crawl Stone Soup version 0.21.0-24-g2553a33 (webtiles) character file.

12016 Mesum the Cleaver (level 11, -7/101 HPs)
             Began as a Minotaur Fighter on Jan 21, 2018.
             Was a Priest of the Shining One.
             Mangled by a red devil
             ... wielding a +0 trident
             ... summoned by Frances
              (14 damage)
             ... on level 12 of the Dungeon.
             The game lasted 03:15:06 (14813 turns).

Mesum the Cleaver (Minotaur Fighter)               Turns: 14813, Time: 03:15:07

Health: -7/101     AC: 13    Str: 24    XL:     11   Next: 56%
Magic:  13/13      EV: 12    Int:  5    God:    the Shining One [***...]
Gold:   479        SH:  0    Dex: 10    Spells: 10/10 levels left

rFire    . . .     SeeInvis .   Q - +5 battleaxe
rCold    + . .     Gourm    .   (shield currently unavailable)
rNeg     + . .     Faith    .   n - +2 ring mail {rC+}
rPois    .         Spirit   .   (helmet restricted)
rElec    .         Reflect  .   N - +0 cloak
rCorr    .         Harm     .   y - +0 pair of gloves
MR       +....                  s - +0 pair of boots
Stlth    ..........             (no amulet)
HPRegen  0.26/turn              q - +1 ring of evasion
MPRegen  0.13/turn              T - ring of protection from magic

@: glowing, drained
A: retaliatory headbutt, horns 2
a: Divine Shield, Renounce Religion


You were on level 12 of the Dungeon.
You worshipped the Shining One.
The Shining One was most pleased with you.
You were hungry.

You visited 2 branches of the dungeon, and saw 13 of its levels.

You collected 583 gold pieces.
You spent 104 gold pieces at shops.

Inventory:

Hand Weapons
 L - a +4 hand axe
 Q - a +5 battleaxe (weapon)
Missiles
 a - 2 throwing nets (quivered)
Armour
 c - a +0 shield
 n - a +2 ring mail of cold resistance (worn)
 s - a +0 pair of boots (worn)
 y - a +0 pair of gloves (worn)
 N - a +0 cloak (worn)
 O - a +0 chain mail
Jewellery
 j - a +4 ring of dexterity
 l - an uncursed ring of resist corrosion
 q - a +1 ring of evasion (left hand)
 x - an uncursed ring of magical power
 z - an uncursed ring of positive energy
 F - an uncursed amulet of faith
 T - a ring of protection from magic (right hand)
Wands
 p - a wand of disintegration (15)
 I - a wand of flame (33)
 S - a wand of iceblast (32)
Scrolls
 b - a scroll of vulnerability {unknown}
 e - 2 scrolls of identify
 h - a scroll of noise {unknown}
 i - 2 scrolls of enchant armour
 k - 7 scrolls of teleportation
 m - 3 scrolls of amnesia {unknown}
 t - 3 scrolls of magic mapping
 v - 4 scrolls of immolation
 A - a scroll of summoning {unknown}
 C - 2 scrolls of blinking {unknown}
 D - a scroll of fog {unknown}
 K - 2 scrolls of enchant weapon {unknown}
 P - 2 scrolls of fear {unknown}
 R - 2 scrolls of brand weapon {unknown}
 U - 2 scrolls of remove curse
Potions
 d - 2 potions of might
 g - a potion of resistance {unknown}
 o - a potion of mutation {unknown}
 r - 2 potions of heal wounds
 u - a potion of magic {unknown}
 w - 7 potions of curing
 B - 5 potions of flight
 E - a potion of berserk rage {unknown}
 G - 3 potions of lignification
 H - a potion of haste {unknown}
 J - 2 potions of invisibility {unknown}
 M - a potion of degeneration {unknown}
 V - a potion of brilliance {unknown}
Books
 W - a book of Beasts

   Spells                             Type                      Level
   a - Summon Butterflies             Summoning                    1
   b - Call Canine Familiar           Summoning                    3
   c - Summon Ice Beast               Ice/Summoning                4
   d - Summon Mana Viper              Hexes/Summoning              5
   e - Summon Hydra                   Summoning                    7
Comestibles
 f - 22 rations
 X - 3 chunks of flesh


   Skills:
 + Level 10.5(10.4) Fighting
 + Level 13.2(13.1) Axes
 + Level 9.5(9.4) Armour
 - Level 0.8(0.7) Dodging
 - Level 10.5(10.3) Shields
 * Level 4.9(4.7) Invocations


You had 10 spell levels left.
You didn't know any spells.

Dungeon Overview and Level Annotations

Branches:
Dungeon (12/15)            Temple (1/1) D:5            Lair (0/6) D:9
    Orc (0/2) D:9

Altars:
Ashenzari
Cheibriados
Dithmenos
Elyvilon
Fedhas
Gozag
Hepliaklqana
Kikubaaqudgha
Makhleb
Nemelex Xobeh
Okawaru
Qazlal
Ru
Sif Muna
Trog
Uskayaw
Vehumet
Wu Jian
Xom
Yredelemnul
Zin
The Shining One

Shops:
D:6 !   D:11 ((

Annotations:
D:8 1 runed door
D:12 Frances


Innate Abilities, Weirdness & Mutations

You reflexively headbutt those who attack you in melee.
You have a pair of horns on your head.


Message History

The hellwing hits you but does no damage. x2
The red devil hits you from afar with a trident.
You hit Frances. Your headbutt misses Frances.
Frances is moderately wounded.
You slash the hellwing!
Frances chants phrases taken from a devil's mouth.
The iron shot hits you! The red devil barely misses you. The hellwing hits you.
The hellwing hits you but does no damage.
Frances hits you with a dire flail!!
* * * LOW HITPOINT WARNING * * *
The red devil barely misses you.
You feel much better.
The red devil hits you from afar with a demon trident of draining.
* * * LOW HITPOINT WARNING * * *
You partially resist.
You feel drained. Frances hits you with a dire flail!
* * * LOW HITPOINT WARNING * * *
The hellwing completely misses you.
The hellwing hits you but does no damage.
The red devil hits you from afar with a trident!
You die...

...... ...... ###
......###..
........#.# #
..........# #.#..
..........#......
.......4....#....
#..@@.## ##..#
#......# ...#
#...4#4## #..#
...#####..# #..#
... ##.###..# ..
#......# .
#..#.#)# #
#..#.#.#.###.#
##.#.#.#.....#


You could see Frances, a hellwing and 2 red devils.

Vanquished Creatures
  Erolcha (D:9)
  Fannar (D:10)
  2 two-headed ogres
  The ghost of Lovchig the Cleaver, a novice DDFi of Makhleb (D:10)
  An ugly thing (D:10)
  A gargoyle (D:11)
  A centaur zombie (D:10)
  A troll (D:11)
  The ghost of skk the Skirmisher, an amateur DsFi (D:3)
  Grinder (D:5)
  A hippogriff (D:10)
  Sigmund (D:4)
  7 yaks
  2 hogs (D:7)
  A human (D:7)
  A wraith (D:10)
  3 vampire mosquitoes (D:12)
  A hungry ghost (D:7)
  Menkaure (D:7)
  A water moccasin (D:6)
  5 orc warriors
  A black bear (D:7)
  3 ice beasts
  A necrophage (D:7)
  3 phantoms
  4 ogres
  8 centaurs
  6 bullfrogs
  A wyvern zombie (D:9)
  4 scorpions
  8 howler monkeys
  5 wights (D:10)
  9 crimson imps
  A jelly (D:6)
  A bullfrog zombie (D:6)
  A hound (D:7)
  A bullfrog skeleton (D:8)
  Crazy Yiuf (D:7)
  7 orc priests
  A centaur skeleton (D:5)
  3 iguanas
  8 orc wizards
  4 worker ants
  4 gnolls (D:7)
  3 adders
  3 shadow imps
  4 oozes
  An adder skeleton (D:8)
  3 worms (D:2)
  2 dart slugs (D:3)
  5 leopard geckos
  34 orcs
  3 ball pythons
  5 bats
  2 giant cockroaches
  6 hobgoblins
  6 jackals
  3 quokkas
  4 frilled lizards
  10 goblins
  5 kobolds
  A leopard gecko skeleton (D:5)
  A quokka zombie (D:9)
  5 rats
  A plant (D:1)
227 creatures vanquished.

Notes
Turn   | Place    | Note
-------+----------+-------------------------------------------
     0 | D:1      | Mesum the Minotaur Fighter began the quest for the Orb.
     0 | D:1      | Reached XP level 1. HP: 19/19 MP: 0/0
    82 | D:1      | Reached XP level 2. HP: 25/27 MP: 1/1
  1519 | D:3      | Reached XP level 3. HP: 33/33 MP: 2/2
  1537 | D:3      | Noticed skk's ghost (amateur DsFi)
  2294 | D:2      | Reached skill level 3 in Axes
  2438 | D:2      | Reached XP level 4. HP: 38/40 MP: 3/3
  2848 | D:3      | Found a burning altar of Makhleb.
  2848 | D:3      | Noticed a blizzard demon
  2852 | D:3      | Noticed a ynoxinul
  2852 | D:3      | Noticed a ynoxinul
  3326 | D:3      | Reached XP level 5. HP: 42/47 MP: 4/4
  3467 | D:3      | Killed skk's ghost
  3467 | D:3      | Reached skill level 5 in Fighting
  3467 | D:3      | Reached skill level 5 in Axes
  3467 | D:3      | Reached skill level 5 in Armour
  3467 | D:3      | Reached skill level 5 in Shields
  3467 | D:3      | Reached XP level 6. HP: 40/56 MP: 5/5
  3779 | D:4      | Noticed Sigmund
  3811 | D:4      | Killed Sigmund
  3811 | D:4      | Reached XP level 7. HP: 52/62 MP: 6/6
  3847 | D:4      | Reached skill level 6 in Axes
  5222 | D:4      | Found an iron altar of Okawaru.
  5244 | D:5      | Entered Level 5 of the Dungeon
  5449 | D:5      | Noticed Grinder
  5464 | D:5      | Paralysed by Grinder for 7 turns
  5472 | D:5      | Killed Grinder
  5472 | D:5      | Reached skill level 7 in Axes
  5472 | D:5      | Reached XP level 8. HP: 65/71 MP: 7/7
  5637 | D:5      | Found an iron altar of Okawaru.
  5708 | D:5      | Found a staircase to the Ecumenical Temple.
  5757 | D:5      | Found an ornate altar of the Wu Jian Council.
  5757 | D:5      | Found a white marble altar of Elyvilon.
  5765 | D:5      | Found a deep blue altar of Sif Muna.
  5828 | Temple   | Entered the Ecumenical Temple
  5922 | Temple   | Became a worshipper of the Shining One
  6998 | D:6      | Found a sacrificial altar of Ru.
  7273 | D:6      | Reached skill level 8 in Axes
  7835 | D:6      | Found Uwoehosyant's Distillery.
  7840 | D:6      | Bought a potion of curing for 39 gold pieces
  7840 | D:6      | Bought a potion of heal wounds for 65 gold pieces
  8473 | D:7      | Noticed Menkaure
  8475 | D:7      | Reached XP level 9. HP: 41/79 MP: 8/8
  8926 | D:7      | Found a runed door.
  8930 | D:7      | Noticed Crazy Yiuf
  8936 | D:7      | Killed Crazy Yiuf
  9242 | D:7      | Reached * piety under the Shining One
  9251 | D:7      | Reached skill level 9 in Axes
  9390 | D:7      | Got a pitted hunting sling
  9604 | D:7      | Identified the cursed +2 hunting sling "Haep" {flame, rPois MR+ Int-4} (You found it on level 7 of the Dungeon)
  9674 | D:7      | Killed Menkaure
  9710 | D:8      | Reached skill level 10 in Axes
  9751 | D:7      | Reached XP level 10. HP: 60/87 MP: 9/9
 10186 | D:8      | Found a runed door.
 10187 | D:8      | Found a white marble altar of Elyvilon.
 10187 | D:8      | Noticed an angel
 10203 | D:8      | Reached ** piety under the Shining One
 10347 | D:8      | Noticed a two-headed ogre
 10357 | D:8      | Killed a two-headed ogre
 10357 | D:8      | Reached skill level 10 in Shields
 10357 | D:8      | Reached skill level 1 in Invocations
 10657 | D:9      | Noticed a two-headed ogre
 10665 | D:9      | Killed a two-headed ogre
 10665 | D:9      | Reached skill level 11 in Axes
 10860 | D:9      | Noticed Erolcha
 10872 | D:9      | Killed Erolcha
 11306 | D:9      | Found a staircase to the Orcish Mines.
 11315 | D:9      | Found a staircase to the Lair.
 12138 | D:10     | Entered Level 10 of the Dungeon
 12261 | D:10     | Found a flagged portal.
 12398 | D:10     | Noticed Fannar
 12421 | D:10     | Killed Fannar
 12421 | D:10     | Reached XP level 11. HP: 34/99 MP: 12/12
 12717 | D:10     | Noticed Lovchig's ghost (novice DDFi)
 12722 | D:10     | Killed Lovchig's ghost
 12722 | D:10     | Reached skill level 10 in Fighting
 12722 | D:10     | Reached skill level 12 in Axes
 12835 | D:10     | Reached *** piety under the Shining One
 13355 | D:10     | Noticed a red ugly thing
 13401 | D:10     | Killed a red ugly thing
 13926 | D:11     | Found Vuorokip's Weapon Shop.
 14070 | D:11     | Got a jasper-encrusted scale mail
 14100 | D:11     | Found Liodylug's Antique Weapon Shoppe.
 14144 | D:11     | Found a snail-covered altar of Cheibriados.
 14475 | D:11     | Reached skill level 13 in Axes
 14803 | D:12     | Noticed Frances
 14813 | D:12     | Mangled by a red devil

Skill      XL: |  1  2  3  4  5  6  7  8  9 10 11 |
---------------+----------------------------------+-----
Fighting       | 4 5 6 7 9 10 | 10.5
Shields        | 4 5 6 8 9 10 | 10.5
Armour         | 4 5 6 7 9 |  9.5
Axes           | 3 5 7 8 10 11 13 | 13.2
Invocations    | 3 4 |  4.9
Dodging        | |  0.8

Action                   |  1- 3 |  4- 6 |  7- 9 | 10-12 || total
-------------------------+-------+-------+-------+-------++-------
Melee: War axe           |    98 |    82 |    70 |       ||   250
       Headbutt          |    17 |    21 |    61 |    71 ||   170
       Hand axe          |       |       |   186 |   140 ||   326
       Battleaxe         |       |       |       |   106 ||   106
  Use: Scroll            |       |       |     8 |     9 ||    17
       Potion            |       |       |     1 |     4 ||     5
  Eat: Chunk             |     5 |     4 |    16 |    12 ||    37
       Ration            |       |       |     1 |     1 ||     2
Armor: Scale mail        |    40 |    29 |    38 |       ||   107
       Chain mail        |       |       |    63 |    53 ||   116
       Ring mail         |       |       |       |    39 ||    39
Dodge: Dodged            |    26 |    22 |    55 |    78 ||   181
Block: Shield            |    53 |    40 |   123 |    26 ||   242
